 Dungeon Crawl Stone Soup version 0.31.0-9-g3a7656b989 (webtiles) character file.

Game seed: 853320523545521238

30 qw the Shooter (level 2, -6/24 HPs)
             Began as a Demigod Hunter on Feb 2, 2024.
             Mangled by an iguana (12 damage)
             ... on level 2 of the Dungeon.
             The game lasted 00:00:03 (886 turns).

qw the Shooter (Demigod Hunter)                      Turns: 886, Time: 00:00:03

Health: -6/24      AC:  3    Str: 12    XL:     2   Next: 87%
Magic:  4/4        EV: 12    Int: 11    God:
Gold:   24         SH:  0    Dex: 17    Spells: 1/1 levels left

rFire   . . .        a - +1 shortbow
rCold   . . .        (shield currently unavailable)
rNeg    . . .        c - +0 leather armour
rPois   .            (no helmet)
rElec   .            (no cloak)
rCorr   .            (no gloves)
SInv    .            (no boots)
Will    .....        (no amulet)
Stlth   ++           (no ring)
HPRegen 0.24/turn    (no ring)
MPRegen 0.09/turn

%: no passive effects
@: no status effects
A: high MP 1, forlorn, divine attributes
a: no special abilities


You were on level 2 of the Dungeon.
You visited 1 branch of the dungeon, and saw 2 of its levels.

You collected 24 gold pieces.


Innate Abilities, Weirdness & Mutations

You have an increased reservoir of magic. (+10% MP)
You shall have no god before yourself.
Your divine heritage dramatically boosts your attributes as you level up.


   Skills:
 - Level 2.0 Fighting
 + Level 4.4 Ranged Weapons
 - Level 1.7 Dodging
 - Level 0.8 Stealth


You had one spell level left.
You didn't know any spells.
Your spell library was empty.

Inventory:

Hand Weapons
 a - a +1 shortbow (weapon)
Armour
 c - a +0 leather armour (worn)

Dungeon Overview and Level Annotations

Branches:
Dungeon (2/15)


Message History

You see here a +0 club.
There is a stone staircase leading down here.
Done exploring.
What level of the Dungeon? (default 2, ? - help)
You climb downwards.
There is a stone staircase leading up here.
Waypoint 1 assigned to D:2.
An iguana and 2 ribbon worms come into view.
The iguana hisses angrily.
You hear a shout!
A goblin comes into view. It is wielding a +0 dagger.
You shoot an arrow. The arrow hits the ribbon worm.
The ribbon worm is moderately wounded.
The ribbon worm expels a string of sticky webbing.
The stream of webbing hits you but does no damage.
You are caught in a web!
You struggle to detach yourself from the web.
The web tears apart.
The ribbon worm barely misses you.
You shoot an arrow. The arrow hits the ribbon worm!
The ribbon worm is heavily wounded.
The ribbon worm closely misses you.
You shoot an arrow. The arrow hits the ribbon worm.
The ribbon worm is severely wounded.
The iguana barely misses you. The ribbon worm bites you.
You shoot an arrow. The arrow hits the ribbon worm!
You kill the ribbon worm!
The iguana misses you.
You shoot an arrow. The arrow hits the iguana.
The iguana is moderately wounded.
The goblin hits you with a +0 dagger. The iguana bites you!
You shoot an arrow.
The arrow hits the iguana but does no damage.
The iguana is moderately wounded.
The goblin closely misses you. The iguana bites you.
The goblin hits you with a +0 dagger. The iguana closely misses you.
You shoot an arrow. The arrow barely misses the iguana.
The arrow completely misses the ribbon worm.
The goblin hits you with a +0 dagger. The iguana bites you!
Ouch! That really hurt!
You die...

### #<# #.#
#.# #.# #.#
#.# #@#
......gl..#
.......w#.#
.##..####.#
##. # #


You could see a ribbon worm, an iguana and a goblin.

Vanquished Creatures
  A ribbon worm (D:2)
  3 ball pythons (D:1)
  2 endoplasms (D:1)
  A giant cockroach (D:1)
  4 goblins (D:1)
  2 hobgoblins (D:1)
  4 kobolds (D:1)
  A quokka (D:1)
  4 bats (D:1)
  A frilled lizard (D:1)
23 creatures vanquished.

Notes
Turn   | Place    | Note
-------+----------+-------------------------------------------
     0 | D:1      | qw the Demigod Hunter began the quest for the Orb.
     0 | D:1      | Reached XP level 1. HP: 17/17 MP: 3/3
     0 | D:1      | 0 ||| qw: Version: 0.3-a-155-g5e7d8dd
     0 | D:1      | 0 ||| qw: Game counter: 170
     0 | D:1      | 0 ||| qw: Melee chars always use a shield: true
     0 | D:1      | 0 ||| qw: God list: Okawaru
     0 | D:1      | 0 ||| qw: Allow faded altars: false
     0 | D:1      | 0 ||| qw: Do Orc after clearing Dungeon:15 true
     0 | D:1      | 0 ||| qw: Do second Lair branch before Depths: true
     0 | D:1      | 0 ||| qw: Lair rune preference: random
     0 | D:1      | 0 ||| qw: Goals: Normal
     0 | D:1      | 0 ||| PLANNING D:1-11
   194 | D:1      | Reached skill level 4 in Ranged Weapons
   210 | D:1      | Reached XP level 2. HP: 24/24 MP: 4/4
   783 | D:1      | 783 ||| READING scroll labelled VIKAANAMOV.
   784 | D:1      | 784 ||| READING scroll labelled MEUNECK FIUKHEM.
   784 | D:1      | 784 ||| ENCHANTING +0 shortbow.
   785 | D:1      | 785 ||| READING scroll labelled ATZAL TAUDGH.
   785 | D:1      | 785 ||| IDENTIFYING ruby potion
   786 | D:1      | 786 ||| READING scroll labelled JAEMMIO XIGGE.
   787 | D:1      | 787 ||| DROPPING scroll of butterflies.
   789 | D:1      | 789 ||| Stepping ~*~*~tactically~*~*~ (cloud).
   790 | D:1      | 790 ||| DRINKING potion of curing.
   790 | D:1      | 790 ||| (to cure poison)
   886 | D:2      | HP: 6/24 [goblin/+0 dagger (2)]
   886 | D:2      | Mangled by an iguana

Levels and vault maps discovered:
D:1:      onia_arrival_pentagram, layout_loops_ring,
          shapermc_ecumenical_altar_hornbeckon, minmay_misc_feat_nine_boxes
D:2:      layout_basic, uniq_jessica, uniq_robin

Skill      XL: |  1 |
---------------+----+-----
Ranged Weapons | 4 |  4.4
Fighting       | 2 |  2.0
Dodging        | |  1.7
Stealth        | |  0.8

Action                     || total
---------------------------++-------
   Fire: Shortbow          ||    68
    Use: Scroll            ||     4
         Potion            ||     1
 Armour: Leather armour    ||    21
  Dodge: Dodged            ||    23

Table legend:
 A = Non-vault XP
 B = Vault XP
 C = Vault XP percentage of total XP
 D = Non-vault monster count
 E = Vault monster count
 F = Vault count percentage of total count
                 A         B        C        D         E       F
            +---------+---------+-------+---------+---------+-------
      Total |      44 |       0 |   0.0 |      23 |       0 |   0.0
            +---------+---------+-------+---------+---------+-------
        D:1 |      39 |       0 |   0.0 |      22 |       0 |   0.0
        D:2 |       5 |       0 |   0.0 |       1 |       0 |   0.0
            +---------+---------+-------+---------+---------+-------
